Map: Ley Lines

Players

Choigalaxy

  • Race: Zerg Zerg
  • League: Diamond
  • Spawn Location: 7:00

인공지능 칸 (아주 쉬움) - Winner!

  • Race: Terran Terran
  • Spawn Location: 1:00

VOD

Have the link to the VOD?

Description

Time

  • Played on: Sept. 24, 2026, 11:18 p.m.
  • Length: 5:57
Show
View Real Time Build Order
Export as new Build Order

Choigalaxy Zerg 

Build Orders: Hatch First 

Get SALT Encoding   

  12  0:00  Drone  
  13  0:14  Overlord  
  13  0:17  Drone  
  14  0:32  Drone x2  
  16  0:46  Hatchery  
  15  0:51  Drone  
  15  0:55  Drone  
  17  0:58  Drone  
  18  1:09  Extractor  
  17  1:12  Spawning Pool  
  17  1:15  Drone  
  17  1:19  Drone  
  18  1:29  Drone  
  19  1:41  Drone  
  21  1:54  Drone  
  21  1:59  Queen x2  
  26  2:01  Zergling x2  
  26  2:02  Zergling x2  
  27  2:09  Overlord  
  27  2:21  Hatchery  
  26  2:25  Metabolic Boost  
  26  2:28  Drone  
  27  2:31  Drone  
  27  2:33  Drone  
  27  2:36  Drone  
  30  2:40  Drone  
  31  2:48  Queen  
  33  2:53  Overlord  
  33  2:56  Drone  
  34  2:58  Drone  
  34  3:00  Drone  
  34  3:05  Overlord  
  36  3:12  Queen  
  38  3:15  Drone  
  38  3:17  Drone  
  38  3:18  Drone  
  41  3:21  Drone  
  41  3:23  Drone  
  41  3:26  Drone  
  44  3:29  Drone  
  44  3:34  Queen  
  45  3:35  Zergling x2  
  45  3:38  Zergling x2  
  45  3:40  Zergling x2  
  45  3:41  Zergling x2  
  51  3:48  Overlord  
  51  3:49  Overlord  
  51  3:54  Queen  
  53  3:56  Drone  
  53  3:57  Drone  
  53  3:59  Drone  
  53  4:02  Overlord  
  56  4:07  Drone x2  
  58  4:11  Queen  
  60  4:17  Queen  
  60  4:19  Drone  
  60  4:20  Drone  
  60  4:22  Drone  
  66  4:24  Drone  
  66  4:25  Drone  
  66  4:27  Drone  
  66  4:28  Drone  
  66  4:30  Drone  
  70  4:33  Overlord  
  70  4:35  Overlord  
  70  4:40  Lair  
  70  4:43  Drone x2  
  70  4:44  Drone  
  70  4:45  Drone  
  74  4:50  Baneling Nest  
  74  4:51  Spore Crawler  
  72  4:56  Drone x2  
  72  4:58  Drone  
  72  4:59  Drone  
  76  5:00  Spore Crawler, Drone  
  76  5:01  Drone  
  76  5:03  Spore Crawler, Drone  
  76  5:04  Drone  
  76  5:06  Drone  
  79  5:07  Drone  
  79  5:10  Extractor x2  
  79  5:11  Drone x2  
  79  5:12  Drone  
  79  5:13  Extractor  
  80  5:26  Evolution Chamber x2  
  80  5:28  Drone x4  
  81  5:30  Drone  
  81  5:33  Hatchery  
  81  5:34  Drone x3  
  85  5:39  Overlord  
  85  5:45  Overseer  
  85  5:54  Extractor  
Show
View Real Time Build Order
Export as new Build Order

인공지능 칸 (아주 쉬움) Terran - Winner!

Build Orders:  

Get SALT Encoding   

  12  0:00  SCV  
  13  0:13  SCV  
  14  0:18  Supply Depot  
  14  0:37  Refinery  
  14  0:42  Barracks  
  14  1:03  Supply Depot  
  14  1:12  Refinery  
  14  1:30  Marine  
  14  1:31  Orbital Command  
  15  1:48  Barracks Tech Lab  
  15  1:57  SCV  
  16  2:09  SCV  
  17  2:18  Marine  
  17  2:21  SCV  
  19  2:34  SCV  
  20  2:46  SCV  
  21  2:58  SCV  
  22  3:07  Marauder  
Tags
 
League
Diamond
Matchup
TvZ
Spawn Locations
Cross Positions
Add a new tag
Caveats
  • Supply blocks, unpowered buildings, or Contaminate may cause inaccurate times.
  • Supply counts are checked every 10 seconds.